 Dungeon Crawl Stone Soup version 0.30-a0-1053-gbd8d5ba0ad (webtiles) character file.

Game seed: 13357695279884085676

82606 Lobster4 the Carver (level 16, -2/119 HPs)
             Began as a Human Wanderer on Apr 11, 2023.
             Was a High Priest of Sif Muna.
             Slain by a starcursed mass (3 damage)
             ... while paralysed by accursed screaming
             ... on level 3 of the Abyss.
             The game lasted 02:12:00 (34966 turns).

Lobster4 the Carver (Human Wanderer)               Turns: 34966, Time: 02:12:01

Health: -2/119     AC: 22    Str: 15    XL:     16   Next: 21%
Magic:  18/28      EV:  2    Int: 21    God:    Sif Muna [*****.]
Gold:   2852       SH:  0    Dex: 18    Spells: 7/31 levels left

rFire   + . .      SeeInvis +    a - +6 double sword of Generosity {flame, Fragile +Blink Int+2 SInv}
rCold   + . .      Faith    .    M - +1 buckler
rNeg    . . .      Spirit   .    U - +2 robe {rC+ rF+}
rPois   +          Reflect  .    b - +2 helmet
rElec   .          Rampage  .    H - +2 cloak {rPois}
rCorr   .                        e - +2 pair of gloves
Will    +....                    g - +2 pair of boots {Fly}
Stlth   ++                       W - amulet of magic regeneration
HPRegen 0.39/turn                t - +4 ring of protection
MPRegen 0.61/turn                m - +6 ring of dexterity

@: paralysed, on berserk cooldown, flying, slowed
A: no striking features
a: Renounce Religion, Evoke Blink, Channel Magic, Forget Spell, Divine Exegesis


You were on level 3 of the Abyss.
You worshipped Sif Muna.
Sif Muna was extremely pleased with you.
You visited 4 branches of the dungeon, and saw 22 of its levels.
You visited the Abyss 1 time.
You also visited: Ossuary, Ice Cave and Volcano.

You collected 3114 gold pieces.
You spent 262 gold pieces at shops.

Inventory:

Hand Weapons
 a - the +6 double sword of Generosity (weapon) {flame, Fragile +Blink Int+2 SInv}
   (You acquired it on level 7 of the Dungeon)

   Int:       It affects your intelligence (+2).
   SInv:      It lets you see invisible.
   +Blink:    It lets you blink.
   Fragile:   It will be destroyed if unequipped.
 z - the +9 long sword of Animal Spirits {drain, rElec Str+5}
   (You took it off an orc warrior on level 10 of the Dungeon)

   Str:       It affects your strength (+5).
   rElec:     It insulates you from electricity.
 C - a +8 long sword of freezing
 Q - the +6 sling "Worm's Wrath" {speed, rC+ Str+3}
   (You found it on level 8 of the Dungeon)

   Str:       It affects your strength (+3).
   rC:        It protects you from cold.
Missiles
 i - 8 boomerangs of dispersal
 n - 55 poisoned darts (quivered)
 y - a curare-tipped dart
 K - 2 throwing nets
Armour
 b - a +2 helmet (worn)
 e - a +2 pair of gloves (worn)
 g - a +2 pair of boots of flying (worn)
 w - a +1 robe of willpower
 H - a +2 cloak of poison resistance (worn)
 M - a +1 buckler (worn)
 U - a +2 robe of resistance (worn)
Jewellery
 l - the ring "Bophoaxke" {Ice Fly Dex+4}
   (You found it in an ice cave)

   [ring of ice]

   It enhances your ice magic.
   Dex:       It affects your dexterity (+4).
   rF:        It makes you vulnerable to fire.
   rC:        It protects you from cold.
   Fly:       It grants you flight.
 m - a +6 ring of dexterity (right hand)
 o - a ring of see invisible
 t - a +4 ring of protection (left hand)
 B - a ring of resist corrosion
 W - an amulet of magic regeneration (around neck)
 Z - a ring of protection from fire
Wands
 s - a wand of roots (25)
 x - a wand of flame (16)
 J - a wand of paralysis (4)
 O - a wand of digging (1)
 Y - a wand of acid (8)
Scrolls
 f - 2 scrolls of identify
 j - 3 scrolls of enchant weapon
 k - 9 scrolls of teleportation
 q - 6 scrolls of amnesia
 v - a scroll of silence
 D - 3 scrolls of immolation
 I - 2 scrolls of brand weapon
 P - 2 scrolls of poison
 R - 2 scrolls of fog
 T - 2 scrolls of fear
Potions
 c - a potion of might
 d - 2 potions of invisibility
 h - 4 potions of cancellation
 p - 7 potions of haste
 r - 5 potions of lignification
 u - 2 potions of magic
 A - 4 potions of brilliance
 E - 10 potions of curing
 F - 4 potions of resistance
 G - 4 potions of mutation
 L - 2 potions of flight
 N - 5 potions of heal wounds


   Skills:
 + Level 8.9 Fighting
 - Level 1.0(6.2) Short Blades
 * Level 9.8(9.9) Long Blades
 - Level 3.0 Staves
 - Level 4.0 Ranged Weapons
 - Level 3.0 Throwing
 + Level 8.9 Armour
 + Level 9.0 Dodging
 - Level 6.0 Shields
 - Level 2.0 Unarmed Combat
 + Level 8.1 Spellcasting
 + Level 8.9 Conjurations
 - Level 5.0 Summonings
 + Level 9.3 Necromancy
 + Level 5.9 Air Magic
 + Level 4.6 Earth Magic
 + Level 3.3 Poison Magic
 + Level 6.3 Invocations
 - Level 5.0 Evocations


You had 7 spell levels left.
You knew the following spells:

 Your Spells              Type           Power      Damage    Failure   Level
a - Magic Dart            Conj           100%       1d8       1%          1
b - Searing Ray           Conj           92%        2d7       1%          2
c - Airstrike             Air            16%        2d(3-19)  9%          4
d - Kiss of Death         Conj/Necr      100%       2d13      1%          1
e - Vampiric Draining     Necr           47%        2d9       1%          3
f - Swiftness             Air            33%        N/A       2%          3
g - Call Imp              Summ           58%        N/A       1%          2
h - Mephitic Cloud        Conj/Pois/Air  33%        N/A       2%          3
i - Borgnjor's Vile Clut  Necr/Erth      18%        N/A       16%         5

Your spell library contained the following spells:

 Spells                   Type           Power      Damage    Failure   Level
 Necrotise                Necr           100%       1d9       1%          1
 Shock                    Conj/Air       100%       1d9       1%          1
 Cigotuvi's Dreadful Rot  Necr/Pois/Air  68%        N/A       1%          2
 Sublimation of Blood     Necr           47%        N/A       1%          2
 Poisonous Vapours        Pois/Air       54%        N/A       2%          2
 Animate Dead             Necr           47%        N/A       2%          4
 Dispel Undead            Necr           47%        3d18      2%          4
 Hailstorm                Conj/Ice       27%        3d7       4%          3
 Beastly Appendage        Tmut           16%        N/A       10%         1
 Slow                     Hex            32%        N/A       10%         1
 Blink                    Tloc           16%        N/A       16%         2
 Wereblood                Tmut           8%         N/A       16%         2
 Fulminant Prism          Conj/Hex       13%        3d8       16%         4
 Sticky Flame             Conj/Fire      27%        2d5       16%         4
 Ignite Poison            Fire/Tmut/Pois 13%        N/A       19%         3
 Confusing Touch          Hex            8%         N/A       30%         3
 Death Channel            Necr           23%        N/A       32%         6
 Summon Ice Beast         Ice/Summ       19%        N/A       34%         4
 Freezing Cloud           Conj/Ice/Air   14%        6-21      36%         5
 Silence                  Hex/Air        10%        N/A       63%         5
 Cause Fear               Hex            4%         N/A       69%         4
 Manifold Assault         Tloc           8%         N/A       69%         4
 Passage of Golubria      Tloc           8%         N/A       69%         4
 Summon Mana Viper        Hex/Summ       19%        N/A       69%         5
 Summon Cactus Giant      Summ           14%        N/A       89%         6
 Haunt                    Necr/Summ      19%        N/A       99%         7
 Spellforged Servitor     Conj/Summ      18%        N/A       99%         7
 Enfeeble                 Hex            4%         N/A       100%        7
 Monstrous Menagerie      Summ           14%        N/A       100%        7
 Storm Form               Tmut/Air       10%        N/A       100%        7
 Summon Hydra             Summ           14%        N/A       100%        7
 Borgnjor's Revivificati  Necr           23%        N/A       100%        8
 Lehudib's Crystal Spear  Conj/Erth      18%        10d5      100%        8
 Maxwell's Capacitive Co  Air            16%        ∞         100%        8
 Death's Door             Necr           23%        N/A       100%        9


Dungeon Overview and Level Annotations

Branches:
Dungeon (14/15)            Temple (1/1) D:5            Lair (5/5) D:9
  Swamp (0/4) Lair:2       Spider (0/4) Lair:3        Slime (0/5) Lair:4
    Orc (2/2) D:11            Elf (0/3) Orc:2       Ossuary (visited)
  IceCv (visited)         Volcano (visited)
 Vaults: D:13-14

Altars:
Ashenzari
Cheibriados
Dithmenos
Elyvilon
Fedhas
Gozag
Hepliaklqana
Kikubaaqudgha
Makhleb
Nemelex Xobeh
Okawaru
Qazlal
Ru
Sif Muna
Trog
Uskayaw
Vehumet
Wu Jian
Xom
Yredelemnul
Zin
The Shining One

Shops:
D:1 (   D:3 ?   D:4 *   D:8 (   Orc:2 (*?*=

Portals:
Hell: Lair:5
Trove: D:12 (give 15 potions of curing)

Annotations:
D:6 Wraith
Lair:1 3 runed translucent doors, Newt's ghost, journeyman DsGl
Orc:1 2 transporters, hgbash's ghost, journeyman MiFi
Orc:2 1 runed translucent door, cheesebisquit's ghost, journeyman HOFi


Message History

You hit the starcursed mass but do no damage.
A starcursed mass splits.
You slice the starcursed mass!! You burn the starcursed mass!
You destroy the starcursed mass!
Sif Muna accepts your kill.
A starcursed mass splits.
A cacophony of accursed wailing tears at your sanity!
* * * LOW HITPOINT WARNING * * *
A starcursed mass splits. x2
You slice the starcursed mass!! You burn the starcursed mass.
You destroy the starcursed mass!
Sif Muna accepts your kill.
A spatial vortex comes into view.
You slash the starcursed mass! You burn the starcursed mass.
You destroy the starcursed mass!
Sif Muna accepts your kill.
A starcursed mass splits. x3
You slash the starcursed mass! You burn the starcursed mass.
The starcursed mass is heavily damaged.
The starcursed mass shudders and is absorbed by its neighbour.
You block the starcursed mass's attack.
You hit the starcursed mass but do no damage.
The starcursed mass completely misses you.
The starcursed mass touches you!
* * * LOW HITPOINT WARNING * * *
The starcursed mass misses you.
You feel a strong urge to attack something.
You are no longer berserk.
You are exhausted.
You feel yourself slow down. The starcursed mass touches you!
* * * LOW HITPOINT WARNING * * *
A starcursed mass splits.
The starcursed mass barely misses you.
A starcursed mass splits.
The starcursed mass touches you but does no damage.
A cacophony of accursed wailing tears at your sanity!
* * * LOW HITPOINT WARNING * * *
You suddenly lose the ability to move!
The starcursed mass touches you.
* * * LOW HITPOINT WARNING * * *
A starcursed mass splits. x3; The starcursed mass touches you.
You die...

~~≈~~~~~~~~~~~~ ~~
~~♣~≈♣~~~~~≈~~~~~~
~~~~~~≈~X~~~~~~v~~
~≈~~♣~~~XX≈X~~~♣ ~
#~~~≈~X≈X~X~≈~~~
#~~~~XXXX~~~~~~
#~~♣≈XXXX♣~≈~~~~
#~~~~♣XXX~≈≈~~~ .
######@######## .
.................
. .
.♣....~.....≈~.. .
# ...............
# ~ #
..........≈.....#
~ #
.............≈.
#~~
........≈.......
## ##
................
.... . ..... . .
.# ###


You could see 18 starcursed masses and a spatial vortex.

Vanquished Creatures
  2 azure jellies (IceCv)
  2 quicksilver oozes (IceCv)
  An ettin (Orc:2)
  Harold (D:8)
  2 hydras
  2 catoblepae
  3 two-headed ogres
  3 boulder beetles
  5 centaur warriors
  3 death yaks (Lair:4)
  A sixfirhy (Lair:5)
  4 skysharks (Lair:5)
  5 skeletal warriors
  A wizard (Lair:5)
  A deep elf pyromancer (D:12)
  2 manticores
  2 anaconda skeletons (Volcano)
  A necromancer (Lair:3)
  4 orc knights (Orc:2)
  4 elephants (Lair:4)
  2 torpor snails (Lair:4)
  4 black mambas
  3 ice statues (IceCv)
  4 orange demons
  18 cane toads
  7 gargoyles
  9 komodo dragons
  3 kobold demonologists
  3 unseen horrors
  Psyche (D:12)
  8 rime drakes
  2 ice devils (Lair:5)
  A meliai (Lair:2)
  11 trolls
  Grinder (D:4)
  4 polar bears
  A hellwing (Lair:5)
  2 tyrant leeches (Lair:2)
  16 blink frogs
  15 dream sheep
  16 slime creatures
  3 flying skulls (Volcano)
  An alligator skeleton (Volcano)
  A shadow (D:11)
  4 wraiths
  7 wyverns
  4 basilisks
  Eustachio (D:4)
  37 yaks
  8 vampire mosquitoes
  Menkaure (Ossuary)
  2 wargs
  3 steam dragons
  5 hell hounds (Lair:5)
  17 water moccasins
  An acid dragon (D:13)
  36 orc warriors
  7 black bears
  2 great orb of eyes simulacra (IceCv)
  4 ogres (Orc:1)
  5 starcursed masses (Abyss:3)
  18 wolves
  20 centaurs
  3 slime creature simulacra (IceCv)
  8 kobold brigands
  Blork the orc (D:3)
  12 bullfrogs
  A gnoll sergeant (D:7)
  2 scorpions (D:7)
  3 glowing shapeshifter simulacra (IceCv)
  16 wights
  5 killer bees
  3 electric eels
  6 howler monkeys
  A troll skeleton (Volcano)
  2 hounds
  4 jellies
  11 orc priests
  A gnoll bouda (Lair:4)
  Crazy Yiuf (D:2)
  5 iguanas
  3 sleepcaps
  11 orc wizards
  A shapeshifter simulacrum (IceCv)
  2 polar bear simulacra (Lair:3)
  2 yak simulacra (Lair:3)
  3 wolf simulacra (Lair:3)
  A naga skeleton (Volcano)
  3 mummies (Ossuary)
  8 gnolls (D:7)
  5 adders
  A white imp (D:5)
  A worm (D:3)
  4 dart slugs
  73 orcs
  7 ball pythons
  6 endoplasms
  3 giant cockroaches
  6 goblins
  7 hobgoblins
  3 jackals (D:3)
  2 quokkas
  12 bats
  3 frilled lizards (D:1)
  8 gnoll skeletons (Ossuary)
  9 gnoll zombies (Ossuary)
  3 goblin skeletons (Ossuary)
  3 goblin zombies (Ossuary)
  3 hobgoblin skeletons (Ossuary)
  A hobgoblin zombie (Ossuary)
  39 kobolds
  4 kobold skeletons (Ossuary)
  5 kobold zombies (Ossuary)
  3 orc skeletons (Ossuary)
  3 orc zombies (Ossuary)
  8 rats
  4 rat skeletons (Ossuary)
  4 rat zombies (Ossuary)
  4 river rat simulacra (Lair:3)
720 creatures vanquished.

Vanquished Creatures (collateral kills)
  A dream sheep (Lair:4)
  A yak (D:12)
  A centaur (D:13)
3 creatures vanquished.

Vanquished Creatures (others)
  A bush (D:6)
  38 fungi
  76 plants
115 creatures vanquished.

Grand Total: 838 creatures vanquished

Notes
Turn   | Place    | Note
-------+----------+-------------------------------------------
     0 | D:1      | Lobster4 the Human Wanderer began the quest for the Orb.
     0 | D:1      | Lobster4 set off with the following items: a +0 club, a
                  | potion of attraction, a potion of might, a +0 leather
                  | armour, a scroll of vulnerability; and the following spell
                  | memorised: Kiss of Death; and the following spells
                  | available to memorise: Cigotuvi's Dreadful Rot, Animate
                  | Dead.
     0 | D:1      | Reached XP level 1. HP: 15/15 MP: 2/2
   156 | D:1      | Reached XP level 2. HP: 11/17 MP: 3/3
   588 | D:1      | Reached XP level 3. HP: 21/23 MP: 4/4
   788 | D:1      | Found Webe's Weapon Shoppe.
   800 | D:1      | Found a faded altar of an unknown god.
  1195 | D:2      | Found a runed translucent door.
  1196 | D:2      | Noticed Crazy Yiuf
  1487 | D:2      | Reached XP level 4. HP: 32/32 MP: 6/6
  1883 | D:3      | Reached skill level 1 in Conjurations
  1966 | D:3      | Found Innamecu's Magic Scroll Shop.
  1969 | D:3      | Bought a scroll of noise for 14 gold pieces
  1974 | D:3      | Bought a scroll of identify for 28 gold pieces
  2021 | D:3      | Reached skill level 1 in Staves
  2436 | D:3      | Reached skill level 1 in Short Blades
  2539 | D:3      | Learned a level 1 spell: Magic Dart
  2769 | D:4      | Noticed Eustachio
  2795 | D:3      | Reached XP level 5. HP: 24/31 MP: 7/7
  2956 | D:4      | Noticed a centaur
  3140 | D:4      | Noticed Grinder
  3636 | D:5      | Entered Level 5 of the Dungeon
  3759 | D:4      | Reached XP level 6. HP: 20/38 MP: 8/8
  3765 | D:4      | Reached skill level 1 in Throwing
  3857 | D:4      | Noticed Blork the orc
  4038 | D:3      | Killed Blork the orc
  4039 | D:3      | Reached skill level 1 in Evocations
  4226 | D:5      | Reached XP level 7. HP: 21/50 MP: 10/10
  4480 | D:5      | Found a staircase to the Ecumenical Temple.
  4489 | Temple   | Entered the Ecumenical Temple
  4591 | Temple   | Became a worshipper of Sif Muna the Loreminder
  5136 | D:6      | Noticed a wraith
  5802 | D:6      | Reached XP level 8. HP: 47/56 MP: 11/11
  6505 | D:7      | Identified a scroll of acquirement
  6505 | D:7      | Acquired the +6 double sword of Generosity {flame, Fragile
                  | +Blink Int+2 SInv}
  6513 | D:7      | Found a sand-covered staircase.
  6523 | Ossuary  | Entered an ossuary
  6621 | Ossuary  | Reached skill level 1 in Ranged Weapons
  6770 | Ossuary  | Reached * piety under Sif Muna
  7089 | Ossuary  | Noticed Menkaure
  7104 | Ossuary  | Killed Menkaure
  7105 | Ossuary  | Reached skill level 1 in Long Blades
  7355 | D:7      | Reached XP level 9. HP: 64/64 MP: 13/13
  7357 | D:7      | Reached ** piety under Sif Muna
  7508 | D:7      | Noticed a two-headed ogre
  7558 | D:7      | Killed a two-headed ogre
  7951 | D:3      | Reached skill level 5 in Necromancy
  8180 | D:4      | Killed Eustachio
  8202 | D:4      | Killed Grinder
  8203 | D:4      | Reached XP level 10. HP: 42/71 MP: 15/15
  8384 | D:4      | Found Odaurie's Serpentskin Sales.
  8393 | D:4      | Bought a ring of poison resistance for 220 gold pieces
  8695 | D:2      | Killed Crazy Yiuf
  9051 | D:7      | Found a basalt altar of Yredelemnul.
  9565 | D:7      | Learned a level 2 spell: Searing Ray
  9578 | D:7      | Learned a level 3 spell: Swiftness
  9664 | D:7      | Found a burning altar of Makhleb.
 10410 | D:8      | Reached *** piety under Sif Muna
 10636 | D:8      | Reached skill level 1 in Shields
 10640 | D:8      | Reached skill level 1 in Air Magic
 10706 | D:8      | Found Cial's Weapon Emporium.
 10797 | D:8      | Found a white marble altar of Elyvilon.
 10797 | D:8      | Found a sacrificial altar of Ru.
 10805 | D:8      | Found a hazy altar of Hepliaklqana.
 10807 | D:8      | Found a stormy altar of Qazlal.
 10809 | D:8      | Found a hide-covered altar of Uskayaw.
 10852 | D:8      | Identified the +6 sling "Worm's Wrath" {speed, rC+ Str+3}
 10889 | D:8      | Reached skill level 5 in Armour
 11020 | D:9      | Noticed Harold
 11092 | D:9      | Found a staircase to the Lair.
 11136 | D:8      | Killed Harold
 11137 | D:8      | Reached skill level 5 in Dodging
 11137 | D:8      | Reached XP level 11. HP: 57/78 MP: 17/17
 11262 | D:8      | Reached skill level 5 in Fighting
 11262 | D:8      | Reached skill level 5 in Conjurations
 11727 | D:9      | Found an ornate altar of the Wu Jian Council.
 12077 | D:9      | Reached skill level 5 in Evocations
 12315 | D:9      | Reached skill level 5 in Spellcasting
 12919 | D:10     | Entered Level 10 of the Dungeon
 12953 | D:10     | Reached **** piety under Sif Muna
 13540 | D:10     | Identified the +9 long sword of Animal Spirits {drain,
                  | rElec Str+5}
 14304 | D:11     | You fall into a shaft and drop 1 floor!
 14321 | D:12     | Reached XP level 12. HP: 52/71 MP: 20/20
 14402 | D:12     | Noticed a boulder beetle
 14411 | D:12     | Killed a boulder beetle
 14749 | D:12     | Learned a level 4 spell: Airstrike
 14802 | D:11     | Reached skill level 5 in Long Blades
 14870 | D:11     | Found a staircase to the Orcish Mines.
 15151 | D:11     | Found a shadowy altar of Dithmenos.
 15443 | D:11     | Noticed a two-headed ogre
 15453 | D:11     | Killed a two-headed ogre
 16173 | Lair:1   | Entered Level 1 of the Lair of Beasts
 16174 | Lair:1   | Upgraded the game from 0.30-a0-1043-g60ff8d5f49 to
                  | 0.30-a0-1053-gbd8d5ba0ad
 16671 | Lair:1   | Reached ***** piety under Sif Muna
 17178 | Lair:1   | Received a gift from Sif Muna
 17187 | Lair:1   | Got Sif Muna's Tome of the Eternal Fruit {god gift}
 17301 | Lair:1   | Learned a level 2 spell: Call Imp
 17446 | Lair:1   | Found a runed translucent gate.
 17446 | Lair:1   | Found a runed translucent gate.
 17446 | Lair:1   | Found a runed translucent gate.
 17449 | Lair:1   | Noticed Newt's ghost (journeyman DsGl)
 17541 | Lair:1   | Reached XP level 13. HP: 67/95 MP: 22/22
 18145 | Lair:2   | Reached skill level 1 in Summonings
 18778 | Lair:1   | Reached skill level 5 in Shields
 19054 | Lair:2   | Reached skill level 5 in Air Magic
 19869 | Lair:2   | Found a staircase to the Swamp.
 20413 | Lair:3   | Found a hole to the Spider Nest.
 20975 | Lair:3   | Received a gift from Sif Muna
 20978 | Lair:3   | Got Sif Muna's Verses on Fuming Misery {god gift}
 22075 | Lair:4   | Noticed an eight-headed hydra
 22523 | Lair:4   | Reached skill level 1 in Earth Magic
 22757 | Lair:4   | Reached XP level 14. HP: 15/103 MP: 24/24
 23387 | Lair:4   | Found a staircase to the Slime Pits.
 24494 | Lair:5   | Entered Level 5 of the Lair of Beasts
 25450 | Lair:5   | Learned a level 3 spell: Vampiric Draining
 26098 | Lair:5   | Reached skill level 5 in Invocations
 26375 | Lair:5   | Received a gift from Sif Muna
 26378 | Lair:5   | Got Uthutsoch's Handbook of Transforming Doom {god gift}
 26422 | Lair:5   | Found a burning altar of Makhleb.
 26462 | Lair:5   | Found a gateway to Hell.
 26736 | Orc:1    | Entered Level 1 of the Orcish Mines
 26744 | Orc:1    | Learned a level 3 spell: Mephitic Cloud
 26804 | Orc:1    | Found a dark tunnel.
 26809 | Volcano  | Entered a volcano
 26955 | Volcano  | Reached XP level 15. HP: 98/110 MP: 2/26
 28354 | Orc:1    | Reached skill level 1 in Poison Magic
 28466 | Orc:1    | Found a shimmering altar of Xom.
 28592 | Orc:1    | Found a bloodstained altar of Trog.
 28592 | Orc:1    | Noticed hgbash's ghost (journeyman MiFi)
 28599 | Orc:1    | Found a transporter.
 28616 | Orc:1    | Found a transporter.
 28840 | Orc:2    | Entered Level 2 of the Orcish Mines
 29412 | Orc:2    | Received a gift from Sif Muna
 29413 | Orc:2    | Got Mioryha's Incunabulum of Conjured Accomplices {god
                  | gift}
 29445 | Orc:2    | Found a staircase to the Elven Halls.
 29634 | Orc:2    | Found Bovecsal's Antique Weapon Emporium.
 29846 | Orc:2    | Found Zoiff's Magic Scroll Shoppe.
 29846 | Orc:2    | Found Dybeost's Assorted Antiques.
 29848 | Orc:2    | Found Okkiogox's Jewellery Shop.
 29850 | Orc:2    | Found Zadig's Assorted Antiques.
 30318 | Orc:2    | Reached skill level 5 in Summonings
 30496 | Orc:2    | Found a runed translucent door.
 30502 | Orc:2    | Noticed cheesebisquit's ghost (journeyman HOFi)
 31032 | D:12     | Noticed Psyche
 31043 | D:12     | Killed Psyche
 31668 | D:12     | Found a portal to a secret trove of treasure.
 31862 | D:13     | Found a frozen archway.
 31875 | IceCv    | Entered an ice cave
 32063 | IceCv    | Noticed a quicksilver ooze
 32070 | IceCv    | Killed a quicksilver ooze
 32142 | IceCv    | Got the ring "Bophoaxke" {Ice Fly Dex+4}
 32445 | IceCv    | Learned a level 5 spell: Borgnjor's Vile Clutch
 33003 | IceCv    | Noticed a quicksilver ooze
 33126 | IceCv    | Killed a quicksilver ooze
 33126 | IceCv    | Received a gift from Sif Muna
 33398 | IceCv    | Found a viscous altar of Jiyva.
 33398 | IceCv    | Noticed an azure jelly
 33407 | IceCv    | Killed an azure jelly
 33414 | IceCv    | Noticed an azure jelly
 33429 | IceCv    | Killed an azure jelly
 33549 | IceCv    | Got the +4 dagger "Biazxi" {freeze, Drain *Slow rC+ Str+8}
 33553 | IceCv    | Acquired 1220 gold pieces
 33653 | D:13     | Reached XP level 16. HP: 90/118 MP: 25/27
 34897 | Abyss:3  | Cast into level 3 of the Abyss (a wizard)
 34965 | Abyss:3  | HP: 4/119 [starcursed mass/accursed screaming (16)]
 34965 | Abyss:3  | Paralysed by accursed screaming for 2 turns
 34965 | Abyss:3  | HP: 1/119 [starcursed mass (3)]
 34966 | Abyss:3  | Slain by a starcursed mass

Illustrated notes

Levels and vault maps discovered:
D:1:      wander_arrival_estate, layout_loops_ring,
          chequers_ecumenical_altar_simple_redux, serial_shops,
          nicolae_shop_behind_doors, minmay_octomino_e4
D:2:      layout_loops_ring, minmay_stone_trees_small, minmay_statues_item,
          minivault_4, uniq_crazy_yiuf_cottage
D:3:      layout_rooms, serial_shops, nicolae_shop_hallway_plus,
          grunt_ministairs_15
D:4:      layout_cave_pools, guppyfry_shop_venom, uniq_blork_the_orc,
          uniq_grinder, uniq_eustachio
D:5:      layout_rooms, minmay_temple_entry_statues_fountains
D:6:      layout_cave_pools, kb_lookout_dungeons_type
D:7:      layout_loops_ring, mainiacjoe_overflow_six_doors_small,
          yredelemnul_altar_generic, lightli_ossuary_entry_decrepit_ruins,
          hangedman_decor_lopped, corexii_item_surrounded_by_moat,
          kennysheep_nub, minmay_misc_feat_nine_boxes, minmay_alternating_orb
D:8:      layout_gridville, chequers_temple_overflow_minitemple, serial_shops,
          nicolae_square_shop
D:9:      layout_basic, pdpol_wu_jian_five_deadly_venoms,
          minmay_lair_entry_grove, uniq_harold
D:10:     layout_basic
D:11:     layout_basic, david_orc_5, nicolae_dithmenos_the_darkroom
D:12:     layout_basic, nicolae_trove_entry_crystal, abandoned_shop, uniq_psyche
D:13:     layout_rooms, portal_ice_cave_rime, chequers_decorated_corner
D:14:     layout_loops_cross, david_vaults_2, grunt_decor_clamped,
          minmay_misc_feat_x, uniq_nessos, uniq_rupert
Temple:   nicolae_temple_bog_church
Lair:1:   layout_regular_city, gammafunk_ghost_split
Lair:2:   layout_roguey, minmay_swamp_entry_worms,
          nicolae_quartered_pool_medium, grunt_megastairs_3
Lair:3:   layout_layer_cave, hellmonk_spider_entry_not_the_bees, minivault_25,
          eino_house_with_fridge
Lair:4:   layout_loops_ring, slime_entry_1, dreamdust_gnoll_shepherd,
          infiniplex_staircase_pool_2
Lair:5:   evil_forest, layout_big_grid, serial_bayou_shore_a
Orc:1:    layout_diamond_mine, enter_volcano_1,
          gammafunk_ghost_wrathful_warriors, basic_altar, mines_bat_river
Orc:2:    st_orc_rangers, layout_caves, serial_shops, nicolae_shop_waterfront,
          ebering_ghost_reflecting_pool
Abyss:3:  base: D:15, bh_abyss_exit_choice,
          due_evilmike_abyss_rune_seething_liches

Skill      XL: |  1  2  3  4  5  6  7  8  9 10 11 12 13 14 15 16 |
---------------+-------------------------------------------------+-----
Conjurations   | 1 2 3 4 5 6 7 8 |  8.9
Staves         | 1 2 3 |  3.0
Short Blades   | 1 |  1.0
Armour         | 2 3 4 5 6 7 8 |  8.9
Dodging        | 2 3 4 5 6 7 8 9 |  9.0
Fighting       | 2 3 4 5 6 7 8 |  8.9
Throwing       | 1 2 3 |  3.0
Spellcasting   | 2 3 4 5 6 7 8 |  8.1
Evocations     | 1 2 3 4 5 |  5.0
Necromancy     | 4 5 6 7 8 9 |  9.3
Invocations    | 2 3 5 6 |  6.3
Ranged Weapons | 1 2 3 4 |  4.0
Long Blades    | 1 2 3 4 5 7 8 9 |  9.8
Shields        | 1 3 4 5 6 |  6.0
Air Magic      | 1 3 4 5 |  5.9
Summonings     | 3 4 5 |  5.0
Earth Magic    | 1 3 4 |  4.6
Poison Magic   | 2 3 |  3.3
Unarmed Combat | |  2.0

Action                     |  1- 3 |  4- 6 |  7- 9 | 10-12 | 13-15 | 16-18 || total
---------------------------+-------+-------+-------+-------+-------+-------++-------
  Melee: Club              |    15 |       |       |       |       |       ||    15
         Punch             |     4 |     6 |     6 |     3 |       |       ||    19
         Staff             |   167 |   196 |   157 |       |       |       ||   520
         Double sword      |       |       |   131 |   448 |   725 |    46 ||  1350
         Long sword        |       |       |    14 |       |       |       ||    14
   Fire: Shortbow          |       |       |     2 |       |       |       ||     2
  Throw: Boomerang         |       |    48 |    75 |    14 |       |       ||   137
         Dart              |       |       |    13 |    19 |    34 |     6 ||    72
         Throwing net      |       |       |       |     2 |     2 |       ||     4
   Cast: Kiss of Death     |     2 |     3 |     1 |     4 |       |       ||    10
         Magic Dart        |       |    33 |    30 |   100 |    45 |     5 ||   213
         Searing Ray       |       |       |       |    37 |    50 |       ||    87
         Airstrike         |       |       |       |     6 |   394 |    56 ||   456
         Call Imp          |       |       |       |       |    17 |       ||    17
         Mephitic Cloud    |       |       |       |       |    10 |       ||    10
  Evoke: Wand              |       |     1 |    14 |     2 |    43 |       ||    60
    Use: Scroll            |       |    14 |     7 |     8 |    15 |       ||    44
         Potion            |       |     1 |     5 |     2 |     5 |     1 ||    14
   Stab: Sleeping          |     1 |       |       |       |     2 |       ||     3
         Distracted        |       |       |       |     1 |     2 |       ||     3
         Held in net/web   |       |       |       |     2 |       |       ||     2
         Paralysed         |       |       |       |       |     4 |       ||     4
         Confused          |       |       |       |       |     6 |       ||     6
 Armour: Leather armour    |   100 |   146 |    13 |       |       |       ||   259
         Robe              |       |       |   166 |   317 |   408 |    36 ||   927
         Skin              |       |       |     6 |       |       |       ||     6
  Dodge: Dodged            |   128 |   162 |   216 |   412 |   654 |    53 ||  1625
  Block: Buckler           |       |       |       |    73 |   266 |    36 ||   375

Table legend: (Time is in decaauts)
 A = Elapsed time spent in this place.
 B = Non-inter-level travel time spent in this place.
 C = Inter-level travel time spent in this place.
 D = Time resting spent in this place.
 E = Time spent auto-exploring this place.
 F = Levels seen in this place.
 G = Mean time per level.
                   A        B        C        D        E       F      G
               +--------+--------+--------+--------+--------+-----+--------+
         Total |  35426 |  33153 |   2273 |   9527 |  14685 |  26 | 1362.5 |
       Dungeon |  18165 |  16447 |   1718 |   4262 |   7867 |  14 | 1297.5 |
        Temple |    129 |    107 |     22 |      0 |     85 |   1 |  129.0 |
          Lair |  10364 |  10051 |    313 |   2934 |   5091 |   5 | 2072.8 |
  Orcish Mines |   2985 |   2767 |    218 |    742 |   1166 |   2 | 1492.5 |
         Abyss |     64 |     64 |      0 |      0 |      4 |   1 |   64.0 |
       Ossuary |    853 |    853 |      0 |    199 |    170 |   1 |  853.0 |
      Ice Cave |   1771 |   1771 |      0 |    849 |    163 |   1 | 1771.0 |
       Volcano |   1092 |   1092 |      0 |    541 |    138 |   1 | 1092.0 |
               +--------+--------+--------+--------+--------+-----+--------+

Top non-repeatable levels by time:
  Lair:4: 2469 daAuts
  Lair:2: 2042 daAuts
  Lair:5: 1994 daAuts
  Lair:3: 1965 daAuts
    D:12: 1897 daAuts
  Lair:1: 1893 daAuts
     D:3: 1840 daAuts
     D:9: 1777 daAuts
   IceCv: 1771 daAuts
     D:5: 1649 daAuts
   Orc:2: 1563 daAuts
    D:11: 1473 daAuts
     D:7: 1472 daAuts
   Orc:1: 1422 daAuts
    D:10: 1420 daAuts
